[Event "Titled Tuesday Blitz March 08 Early 2022"]
[White "Shyaamnikhil P"]
[Black "Jacobson, Aaron"]
[WhiteFideId "5024218"]
[BlackFideId "2089912"]
[WhiteElo "2329"]
[BlackElo "2265"]
[Result "1-0"]
[Round "08"]
[TimeControl "180+1"]
[Date "2022.03.09"]
[WhiteClock "0:01:15"]
[BlackClock "0:00:04"]

1. e4 f5 2. exf5 Nf6 3. d4 d5 4. Bd3 c5 5. c3 e6 6. fxe6 Bd6 7. Nf3 O-O 8. Ng5 h6 9. Nf7 Qe7 10. Nxd6 Qxe6+ 11. Qe2 Qxd6 12. O-O cxd4 13. cxd4 Nc6 14. f3 Nxd4 15. Qd1 Bf5 16. Be3 Bxd3 17. Qxd3 Nc6 18. Nc3 Rfe8 19. Bf2 a6 20. Rae1 Rad8 21. Rxe8+ Rxe8 22. Rd1 Qb4 23. Nxd5 Qxb2 24. Rb1 Qe5 25. Nxf6+ Qxf6 26. Rxb7 Ne5 27. Qd5+ Kh8 28. Rb1 Rd8 29. Qe4 Nd3 30. Rd1 Qc3 31. Qe3 Qc2 32. Qd2 Qc4 33. h4 a5 34. Qxa5 Rd7 35. Qa8+ Kh7 36. Qe4+ Qxe4 37. fxe4 Kg6 38. a4 Kf6 39. a5 Ke5 40. a6 Kxe4 41. a7 Rd8 42. Rb1 Nxf2 43. Rb8 Rd2 44. a8=Q+ Kf4 45. Qf3+ Ke5 46. Re8+ Kd4 47. Rd8+ Kc5 48. Rxd2 1-0


[Site "https://www.chess.com"]

[Event "Titled Tuesday Blitz March 08 Early 2022"]
[White "Silva, Miguel Antonio Neto"]
[Black "Mikhailov, Viacheslav"]
[WhiteFideId "1911929"]
[BlackFideId "4187369"]
[WhiteElo "2204"]
[BlackElo "2381"]
[Result "0-1"]
[Round "08"]
[TimeControl "180+1"]
[Date "2022.03.09"]
[WhiteClock "0:01:12"]
[BlackClock "0:00:51"]

1. e4 d6 2. d4 Nf6 3. Nc3 g6 4. Nf3 Bg7 5. Be2 O-O 6. O-O Bg4 7. Be3 Nc6 8. d5 Bxf3 9. Bxf3 Ne5 10. Be2 c6 11. f4 Ned7 12. dxc6 bxc6 13. Qd2 Rb8 14. Rab1 Qa5 15. a3 Rfc8 16. Kh1 Rb7 17. b4 Qc7 18. Ba6 Ng4 19. Bd4 Bxd4 20. Qxd4 Qb6 21. Qxb6 axb6 22. Bxb7 Rc7 23. Ba6 b5 24. a4 Ne3 25. axb5 Nxf1 26. Rxf1 cxb5 27. Nd5 Rxc2 28. Bxb5 Nf8 29. Nxe7+ Kg7 30. Nd5 Rb2 31. Bd3 Ne6 32. g3 Nd4 33. Rb1 Rd2 34. Bf1 h5 35. b5 h4 36. b6 Nc6 37. b7 Nb8 38. Kg1 Ra2 39. Bh3 hxg3 40. hxg3 Ra4 41. Kf2 Rxe4 42. Ra1 Rd4 43. Ne3 Rd2+ 44. Kf3 f5 45. Ra8 Nc6 46. Rc8 Nd4# 0-1


[Site "https://www.chess.com"]

[Event "Titled Tuesday Blitz March 08 Early 2022"]
[White "Sinitsina, Anastassia"]
[Black "Prohorov, Olexandr"]
[WhiteFideId "4504640"]
[BlackFideId "14105578"]
[WhiteElo "2144"]
[BlackElo "1993"]
[Result "1-0"]
[Round "08"]
[TimeControl "180+1"]
[Date "2022.03.09"]
[WhiteClock "0:00:31"]
[BlackClock "0:00:36"]

1. Nf3 g6 2. g3 Bg7 3. d4 f5 4. Bg2 Nf6 5. O-O O-O 6. c4 d6 7. Nc3 Qe8 8. Re1 e5 9. dxe5 dxe5 10. e4 f4 11. gxf4 Nh5 12. fxe5 Bg4 13. Qd5+ Kh8 14. Re3 Nc6 15. Nb5 Rd8 16. Qc5 Nf4 17. Ne1 Bxe5 18. a4 Rd1 19. Nc3 Bd4 20. Qa3 Bxe3 21. Nxd1 Bd4 22. Bxf4 Rxf4 23. Qg3 Be5 24. Qe3 Nd4 25. Nc3 Nb3 26. Ra3 Bd4 27. Qxf4 Nc5 28. Qxg4 1-0


[Site "https://www.chess.com"]

[Event "Titled Tuesday Blitz March 08 Early 2022"]
[White "Sonis, Francesco"]
[Black "Bethke, Richard"]
[WhiteFideId "895733"]
[BlackFideId "12959243"]
[WhiteElo "2373"]
[BlackElo "2559"]
[Result "1-0"]
[Round "08"]
[TimeControl "180+1"]
[Date "2022.03.08"]
[WhiteClock "0:01:09"]
[BlackClock "0:00:07"]

1. d4 Nf6 2. c4 e6 3. Nc3 d5 4. cxd5 exd5 5. Bg5 Be7 6. e3 c6 7. Bd3 Nbd7 8. Qc2 h6 9. Bh4 Nh5 10. Bxe7 Qxe7 11. Nge2 Nb6 12. O-O-O Bd7 13. Kb1 O-O-O 14. a4 Qb4 15. Nc1 Nc4 16. Ka1 Kb8 17. N1a2 Qe7 18. b3 Nd6 19. a5 Nf6 20. Na4 Nc8 21. Rhe1 Ne4 22. f3 Ned6 23. Nc5 f5 24. Bf1 Rhe8 25. Nd3 g5 26. Ne5 Nf7 27. f4 Nfd6 28. Bd3 Ne4 29. b4 Qf6 30. Rc1 Re6 31. b5 Be8 32. a6 c5 33. axb7 Ncd6 34. Bxe4 dxe4 35. Qxc5 Kxb7 36. Qc7+ Ka8 37. Nc6 Bxc6 38. Qxc6+ Kb8 39. Nb4 Nb7 40. Na6+ 1-0


[Site "https://www.chess.com"]

[Event "Titled Tuesday Blitz March 08 Early 2022"]
[White "Stefanov, Plamen"]
[Black "Piliczewski, Bogusz"]
[WhiteFideId "2900980"]
[BlackFideId "1104144"]
[WhiteElo "2137"]
[BlackElo "1896"]
[Result "0-1"]
[Round "08"]
[TimeControl "180+1"]
[Date "2022.03.09"]
[WhiteClock "0:00:08"]
[BlackClock "0:00:31"]

1. e4 c6 2. Nf3 d5 3. e5 Bg4 4. d4 e6 5. Be2 c5 6. c3 Nc6 7. O-O Rc8 8. dxc5 Bxc5 9. Nd4 Bxe2 10. Nxc6 Bxd1 11. Nxd8 Be2 12. Re1 Ba6 13. Nxf7 Kxf7 14. a4 b6 15. b4 Be7 16. b5 Bb7 17. a5 bxa5 18. Rxa5 Bc5 19. Be3 Bb6 20. Bxb6 axb6 21. Ra7 Rc7 22. Nd2 Ne7 23. Nb3 Ra8 24. Rxa8 Bxa8 25. Ra1 Bb7 26. Nd4 Rxc3 27. f4 Nc8 28. Kf2 Rc4 29. Ke3 Ke7 30. Kd3 Kd7 31. g4 g6 32. h4 Rc5 33. Rh1 Ne7 34. h5 Rc8 35. hxg6 hxg6 36. Rh7 Rf8 37. Ke3 Bc8 38. Nc6 Re8 39. Kd4 Bb7 40. f5 gxf5 41. gxf5 exf5 42. e6+ Kxe6 43. Rh6+ Kd7 44. Rh7 Bxc6 45. bxc6+ Kxc6 46. Ke5 Nc8+ 47. Kxf5 Nd6+ 48. Kf4 Re4+ 49. Kf3 b5 50. Kf2 b4 51. Rh3 Kc5 52. Rb3 Kc4 53. Rb1 b3 54. Rc1+ Kb4 55. Rb1 Nc4 56. Ra1 b2 57. Rb1 Kc3 58. Kf3 Kc2 59. Rxb2+ Kxb2 60. Kg3 Kc3 61. Kh3 Kd3 62. Kg3 Ke3 63. Kh3 Kf2 0-1


[Site "https://www.chess.com"]

[Event "Titled Tuesday Blitz March 08 Early 2022"]
[White "Suarez Uriel, Adrian"]
[Black "Bures, Vit"]
[WhiteFideId "22230874"]
[BlackFideId "309052"]
[WhiteElo "2316"]
[BlackElo "2118"]
[Result "0-1"]
[Round "08"]
[TimeControl "180+1"]
[Date "2022.03.09"]
[WhiteClock "0:00:35"]
[BlackClock "0:00:05"]

1. d4 d5 2. Nf3 Nf6 3. c4 c6 4. Nc3 e6 5. e3 Nbd7 6. Bd3 dxc4 7. Bxc4 b5 8. Bd3 Bd6 9. e4 e5 10. O-O O-O 11. Bg5 h6 12. Bh4 Re8 13. Qc2 Bb7 14. Rad1 Qc7 15. a3 exd4 16. Nxd4 Bxh2+ 17. Kh1 Be5 18. Nf3 Bd6 19. Be2 a6 20. Nd4 Be5 21. Nf5 c5 22. Nd5 Bxd5 23. exd5 c4 24. Bf3 Nc5 25. d6 Qd7 26. Bxa8 Rxa8 27. Rfe1 Nd3 28. Rxe5 Nxe5 29. Bxf6 gxf6 30. Nxh6+ Kh8 31. Qe2 Kg7 32. f4 Nd3 33. Qe7 Qxe7 34. Nf5+ Kh8 35. dxe7 Nf2+ 36. Kg1 Nxd1 37. Nd6 Nxb2 38. Kf2 c3 39. Ke2 c2 40. Kd2 Nc4+ 41. Nxc4 bxc4 42. Kxc2 Re8 43. Kc3 Rxe7 44. Kxc4 Re4+ 0-1


[Site "https://www.chess.com"]

[Event "Titled Tuesday Blitz March 08 Early 2022"]
[White "Svane, Frederik"]
[Black "Iljin, Timofey"]
[WhiteFideId "12923044"]
[BlackFideId "14110180"]
[WhiteElo "2459"]
[BlackElo "2396"]
[Result "1-0"]
[Round "08"]
[TimeControl "180+1"]
[Date "2022.03.09"]
[WhiteClock "0:02:39"]
[BlackClock "0:02:10"]

1. e4 e5 2. Nf3 Nc6 3. Bb5 a6 4. Ba4 Nf6 5. O-O b5 6. Bb3 Bc5 7. Nc3 d6 8. Nd5 O-O 9. d4 Nxd4 10. Nxd4 exd4 11. Bg5 Be6 12. Nxf6+ gxf6 13. Bh6 Bxb3 14. Qg4+ 1-0


[Site "https://www.chess.com"]

[Event "Titled Tuesday Blitz March 08 Early 2022"]
[White "Sychev, Klementy"]
[Black "Demin, Vladimir"]
[WhiteFideId "4114060"]
[BlackFideId "4167457"]
[WhiteElo "2564"]
[BlackElo "2518"]
[Result "1-0"]
[Round "08"]
[TimeControl "180+1"]
[Date "2022.03.09"]
[WhiteClock "0:00:44"]
[BlackClock "0:00:03"]

1. e4 Nf6 2. e5 Nd5 3. c4 Nb6 4. a4 a5 5. Ra3 d6 6. exd6 cxd6 7. Rg3 g6 8. h4 h5 9. Bd3 N8d7 10. Nf3 Nc5 11. Bc2 Bg4 12. d4 Ne6 13. d5 Nc5 14. Qd4 Rg8 15. Ng5 e5 16. dxe6 Nxe6 17. Nxe6 Bxe6 18. Bg5 Bg7 19. Qe4 Qc7 20. O-O Nxc4 21. Nc3 Qc6 22. Qe2 Nxb2 23. Bxg6 Be5 24. Be4 Qb6 25. Nd5 Bxd5 26. Bxd5 Kd7 27. Rb3 Qd4 28. Qb5+ 1-0


[Site "https://www.chess.com"]

[Event "Titled Tuesday Blitz March 08 Early 2022"]
[White "Tabatabaei, M. Amin"]
[Black "Sadhwani, Raunak"]
[WhiteFideId "12521213"]
[BlackFideId "35093487"]
[WhiteElo "2544"]
[BlackElo "2616"]
[Result "0-1"]
[Round "08"]
[TimeControl "180+1"]
[Date "2022.03.08"]
[WhiteClock "0:00:03"]
[BlackClock "0:00:12"]

1. d4 Nf6 2. Nf3 g6 3. Nbd2 d5 4. b3 Bg7 5. Bb2 O-O 6. e3 a5 7. c4 c6 8. Be2 Bf5 9. O-O Nbd7 10. h3 h5 11. Nh4 e6 12. Rc1 a4 13. Nxf5 exf5 14. Qc2 axb3 15. axb3 Re8 16. Bf3 Ne4 17. b4 Ra2 18. Ra1 Rxa1 19. Rxa1 Bh6 20. Nf1 Nf8 21. b5 Ne6 22. bxc6 bxc6 23. Ra6 Qd7 24. h4 Bg7 25. g3 Rb8 26. cxd5 cxd5 27. Ba3 Qb5 28. Qc6 Qxc6 29. Rxc6 Bf8 30. Bxf8 Kxf8 31. Ra6 Rb2 32. Bxe4 dxe4 33. Rc6 Ng7 34. Rc1 Ne8 35. Rd1 Nf6 36. Rd2 Rb1 37. Rc2 Ng4 38. Kg2 Rd1 39. Nd2 Kg7 40. Nb3 Rd3 41. Rb2 Rd1 42. Nc5 Kf6 43. Rb6+ Ke7 44. Rb7+ Ke8 45. Rb2 Ke7 46. Na4 Rd3 47. Nb6 Rd1 48. Nc4 Rd3 49. Rb7+ Ke6 50. Rb6+ Kd5 51. Rb4 Rc3 52. Nb6+ Kd6 53. Rc4 Rb3 54. Na4 Rxe3 55. Rb4 Re2 56. Rb6+ Kc7 57. Ra6 Rxf2+ 58. Kg1 e3 59. Ra7+ Kb8 60. Nc3 Kxa7 0-1


[Site "https://www.chess.com"]

[Event "Titled Tuesday Blitz March 08 Early 2022"]
[White "Taichman, Ori"]
[Black "Abarca Gonzalez, Nicolas"]
[WhiteFideId "2804069"]
[BlackFideId "3409422"]
[WhiteElo "2227"]
[BlackElo "2504"]
[Result "1/2-1/2"]
[Round "08"]
[TimeControl "180+1"]
[Date "2022.03.08"]
[WhiteClock "0:00:05"]
[BlackClock "0:00:05"]

1. e4 c5 2. b3 Nf6 3. e5 Nd5 4. g3 g6 5. Bg2 Nb6 6. a4 a5 7. c4 Bg7 8. d4 cxd4 9. c5 Bxe5 10. Nf3 Bg7 11. Nxd4 Nc6 12. Bb2 Ra6 13. Nxc6 bxc6 14. Bxg7 Rg8 15. Bb2 Na8 16. O-O Nc7 17. Nc3 Ne6 18. Qd2 Nxc5 19. Qh6 Ne6 20. Qxh7 Rf8 21. Ne4 Rb6 22. Bg7 Nxg7 23. Qxg7 d5 24. Nc5 Qd6 25. Rac1 e6 26. f4 Ke7 27. Qe5 Qxe5 28. fxe5 f6 29. exf6+ Rxf6 30. Rxf6 Kxf6 31. Re1 e5 32. Kf2 Ke7 33. Rxe5+ Kd6 34. Re8 Kxc5 35. Rxc8 Rxb3 36. Rg8 Rb2+ 37. Kf3 Rb3+ 38. Kg4 Rb4+ 39. Kg5 Rxa4 40. Rxg6 Ra2 41. Bh3 Rxh2 42. Bd7 d4 43. Rxc6+ Kb4 44. Rb6+ Kc3 45. Ra6 Ra2 46. Be6 Ra1 47. g4 d3 48. Rc6+ Kb2 49. Rb6+ Kc3 50. Rc6+ Kd4 51. Bf5 d2 52. Rd6+ Ke3 53. Kf6 d1=Q 54. Rxd1 Rxd1 55. g5 Rd8 56. g6 a4 57. Be6 a3 58. Ke7 Ra8 59. g7 Kd4 60. g8=Q Rxg8 61. Bxg8 Kc3 62. Kd6 Kb2 63. Kc5 Kb1 64. Kb4 a2 65. Bxa2+ 1/2-1/2


[Site "https://www.chess.com"]

[Event "Titled Tuesday Blitz March 08 Early 2022"]
[White "Tarhan, Adar"]
[Black "Kosakowski, Jakub"]
[WhiteFideId "34544712"]
[BlackFideId "1185080"]
[WhiteElo "1802"]
[BlackElo "2476"]
[Result "1-0"]
[Round "08"]
[TimeControl "180+1"]
[Date "2022.03.08"]
[WhiteClock "0:01:19"]
[BlackClock "0:00:23"]

1. e4 e5 2. Nf3 Nc6 3. Ng1 Nb8 4. Nf3 Nc6 5. Bc4 Nf6 6. d3 h6 7. c3 d6 8. Nbd2 g5 9. h3 Bg7 10. g4 Ne7 11. Nf1 c6 12. Bb3 Ng6 13. Ng3 d5 14. Qe2 O-O 15. Nf5 Be6 16. h4 dxe4 17. dxe4 Nxg4 18. hxg5 Bxf5 19. exf5 Nf4 20. Bxf4 exf4 21. g6 Qd7 22. Nh4 Rae8 23. gxf7+ Rxf7 24. Be6 f3 25. Nxf3 Qd6 26. Rd1 Qf4 27. Kf1 Kh8 28. Rh4 Rxf5 29. Bxf5 Rxe2 30. Rd8+ Bf8 31. Rxf8+ Kg7 32. Rxg4+ 1-0


[Site "https://www.chess.com"]

[Event "Titled Tuesday Blitz March 08 Early 2022"]
[White "Thomas, Anysia"]
[Black "Mikhalsky, Vladimir"]
[WhiteFideId "670472"]
[BlackFideId "14144352"]
[WhiteElo "2002"]
[BlackElo "2301"]
[Result "0-1"]
[Round "08"]
[TimeControl "180+1"]
[Date "2022.03.09"]
[WhiteClock "0:00:02"]
[BlackClock "0:00:31"]

1. d4 Nf6 2. c4 g6 3. Nc3 Bg7 4. e4 O-O 5. Nf3 d6 6. h3 e5 7. d5 a5 8. Be3 Nh5 9. g3 f5 10. exf5 gxf5 11. Ng5 Qe8 12. Be2 Nf6 13. Qd2 Na6 14. O-O-O Nc5 15. Rdg1 Bd7 16. g4 f4 17. Bxc5 dxc5 18. Bd3 e4 19. Ngxe4 Nxe4 20. Nxe4 b5 21. Re1 Qb8 22. Nxc5 Be8 23. Ne6 bxc4 24. Bxc4 Bg6 25. Nxg7 Kxg7 26. Qd4+ Kh6 27. g5+ Kxg5 28. Rhg1+ Kh6 29. Qe5 Qd8 30. h4 Qf6 31. Qg5+ Qxg5 32. hxg5+ Kh5 33. Re5 Rf5 34. Be2+ Kh4 35. Rh1+ Kxg5 36. Rg1+ Kf6 37. Re6+ Kf7 38. Bd3 Rxd5 39. Bxg6+ Kxe6 40. Bxh7 Rc5+ 41. Kb1 Rh8 42. Bc2 Rh2 43. Re1+ Kd6 44. Rd1+ Ke5 45. Re1+ Kf6 0-1


[Site "https://www.chess.com"]

[Event "Titled Tuesday Blitz March 08 Early 2022"]
[White "Tsatsalashvili, Keti"]
[Black "Mirzanurov, Bulat"]
[WhiteFideId "13603434"]
[BlackFideId "4184521"]
[WhiteElo "2246"]
[BlackElo "2116"]
[Result "1-0"]
[Round "08"]
[TimeControl "180+1"]
[Date "2022.03.09"]
[WhiteClock "0:00:14"]
[BlackClock "0:00:11"]

1. d4 d5 2. Nf3 Nf6 3. c4 dxc4 4. e3 e6 5. Bxc4 a6 6. a4 c5 7. O-O Nc6 8. Qe2 Qc7 9. Nc3 Be7 10. dxc5 Bxc5 11. e4 O-O 12. e5 Nd7 13. Bf4 Re8 14. Bd3 Nf8 15. Ne4 Be7 16. Nd6 Rd8 17. Rac1 f6 18. Nc4 f5 19. Be3 Re8 20. Bb6 Qd7 21. Rfd1 Bb4 22. Bxf5 exf5 23. Rxd7 Nxd7 24. Bc7 Nc5 25. Nd6 Re7 26. Bb6 Ne6 27. Qc4 g6 28. Ng5 h6 29. Nh3 Kg7 30. f4 Bd7 31. Nf2 a5 32. Nxb7 Rc8 33. Nd6 Ncd4 34. Nxc8 Bxc8 35. Bxd4 Nxd4 36. Qxd4 Rd7 37. Qxd7+ Bxd7 38. Rc7 Kf8 39. Rxd7 Ke8 40. Rb7 Kd8 41. Rb5 Kc7 42. Kf1 Kc6 43. Nd3 Kc7 44. e6 Kc6 45. Ne5+ Kd6 46. Nxg6 Kxe6 47. Nh4 Kf6 48. Nf3 Ke6 49. Rb6+ Kd7 50. Ra6 Kc7 51. Rg6 Kd7 52. Rxh6 1-0


[Site "https://www.chess.com"]

[Event "Titled Tuesday Blitz March 08 Early 2022"]
[White "Vakhlamov, Igor L."]
[Black "Domingo Nunez, Alejandro"]
[WhiteFideId "24126748"]
[BlackFideId "22245561"]
[WhiteElo "2401"]
[BlackElo "2215"]
[Result "1/2-1/2"]
[Round "08"]
[TimeControl "180+1"]
[Date "2022.03.08"]
[WhiteClock "0:00:33"]
[BlackClock "0:00:04"]

1. e4 g6 2. d4 Bg7 3. Nf3 c6 4. Nc3 d5 5. Bd3 dxe4 6. Nxe4 Nf6 7. O-O Bg4 8. c3 O-O 9. h3 Be6 10. Re1 Nxe4 11. Bxe4 Nd7 12. Bg5 Re8 13. Bc2 Bd5 14. Qe2 Qb6 15. Bd3 e5 16. dxe5 Bxf3 17. Qxf3 Nxe5 18. Qe2 h6 19. Bh4 Nxd3 20. Qxd3 Qxb2 21. Rxe8+ Rxe8 22. Rb1 Qxc3 23. Qxc3 Bxc3 24. Rxb7 Re1+ 25. Kh2 Be5+ 26. Bg3 Bxg3+ 27. Kxg3 a5 28. Ra7 Re5 29. Kf3 Kg7 30. Kf4 Rc5 31. g3 Kf6 32. h4 Ke6 33. Ke3 h5 34. Kf3 Rf5+ 35. Ke3 Kd6 36. a4 Re5+ 37. Kf4 Rf5+ 38. Ke3 Ke6 39. Ra6 Kd7 40. Ra7+ Kd6 41. Ke2 f6 42. Rg7 g5 43. hxg5 Rxg5 44. Ra7 Re5+ 45. Kd3 Rf5 46. Ke3 Rg5 47. Kf3 Rf5+ 48. Ke4 Rg5 49. Kf4 Rg4+ 50. Kf5 Rxa4 51. Kxf6 Kc5 52. f4 h4 53. gxh4 Rxf4+ 54. Kg5 Rf1 55. Rxa5+ Kb4 56. Ra8 c5 57. h5 c4 58. h6 c3 59. Rc8 Kb3 60. h7 Rg1+ 61. Kf4 Rh1 62. Rb8+ Ka2 63. Ra8+ Kb2 64. Rb8+ Ka2 65. Rc8 Kb2 66. Rb8+ Ka2 1/2-1/2


[Site "https://www.chess.com"]

[Event "Titled Tuesday Blitz March 08 Early 2022"]
[White "Vifleemskaia, Svetlana"]
[Black "Gulecyuz, Deniz"]
[WhiteFideId "4129490"]
[BlackFideId "30921341"]
[WhiteElo "1901"]
[BlackElo "1923"]
[Result "1-0"]
[Round "08"]
[TimeControl "180+1"]
[Date "2022.03.09"]
[WhiteClock "0:00:04"]
[BlackClock "0:00:01"]

1. d4 Nf6 2. c4 g6 3. Nc3 d5 4. cxd5 Nxd5 5. Bd2 Bg7 6. e4 Nxc3 7. Bxc3 O-O 8. Qd2 c5 9. d5 e6 10. Bc4 b5 11. Bxg7 Kxg7 12. Bxb5 exd5 13. exd5 Qb6 14. Bc4 Re8+ 15. Ne2 Ba6 16. O-O Bxc4 17. Qc3+ Kg8 18. Qxc4 Qxb2 19. Nc3 Nd7 20. Rab1 Qc2 21. Rfc1 Qf5 22. h3 Rad8 23. Rb7 Ne5 24. Qe4 Qg5 25. f4 Qh6 26. Rf1 Ng4 27. Re7 Qf8 28. d6 Nf6 29. Qe5 Rxd6 30. Rxe8 Nxe8 31. Qxc5 Ra6 32. Qd4 Qd6 33. Qxd6 Nxd6 34. Rb1 Kg7 35. Kf2 Nf5 36. g4 Nd4 37. Ke3 Nc2+ 38. Kd3 Na3 39. Rb3 Ra5 40. Kd2 a6 41. Ne4 Nb5 42. a3 Ra4 43. Nc5 Rxf4 44. Nxa6 Rf2+ 45. Ke3 Rh2 46. Rxb5 Rxh3+ 47. Kf4 Rxa3 48. Nc5 h6 49. Nd7 Ra4+ 50. Kf3 h5 51. gxh5 gxh5 52. Ne5 f6 53. Nd3 Kg6 54. Nf4+ Kg7 55. Ng2 Kg6 56. Kg3 Ra3+ 57. Kf2 f5 58. Nf4+ Kg5 59. Ne6+ Kg4 60. Rb4+ Kh3 61. Nf4+ Kh2 62. Nxh5 Ra2+ 63. Kf3 Ra3+ 64. Kf4 Kg2 65. Ng7 Rf3+ 66. Ke5 Re3+ 67. Kxf5 Rf3+ 68. Kg6 Rg3+ 69. Kf6 Rf3+ 70. Nf5 Kf2 71. Rb2+ Kf1 72. Ke5 Ke1 73. Ke4 Ra3 74. Nd4 Ra8 75. Kd3 Ra3+ 76. Nb3 Ra8 77. Nd4 Ra3+ 78. Ke4 Ra8 79. Rb1+ Kd2 80. Rb2+ Kc3 81. Rb3+ Kd2 82. Rf3 Re8+ 83. Kf4 Rf8+ 84. Nf5 Ke2 85. Re3+ Kd2 86. Ra3 Ke2 87. Ke5 1-0


[Site "https://www.chess.com"]

[Event "Titled Tuesday Blitz March 08 Early 2022"]
[White "Vogel, Roven"]
[Black "Tologon tegin, Semetei"]
[WhiteFideId "12908088"]
[BlackFideId "13800574"]
[WhiteElo "2516"]
[BlackElo "2258"]
[Result "1/2-1/2"]
[Round "08"]
[TimeControl "180+1"]
[Date "2022.03.09"]
[WhiteClock "0:00:02"]
[BlackClock "0:00:10"]

1. e4 e5 2. Nf3 Nc6 3. Bc4 Bc5 4. O-O Nf6 5. d3 O-O 6. c3 d5 7. exd5 Nxd5 8. Re1 Bg4 9. h3 Bh5 10. Nbd2 Re8 11. Ne4 Bb6 12. Ng3 Bg6 13. Bg5 f6 14. Bc1 Kh8 15. Nh4 Bf7 16. Qg4 Be6 17. Qh5 Qd7 18. Bd2 Rad8 19. Rad1 Kg8 20. a3 Nf4 21. Bxf4 exf4 22. Rxe6 Rxe6 23. Re1 Re8 24. Qxe8+ Qxe8 25. Rxe6 Qxe6 26. Bxe6+ Kf8 27. Ne4 g6 28. Nf3 Ke7 29. Bg8 h6 30. d4 f5 31. Ned2 g5 32. Ne1 Kf6 33. Nd3 Ne7 34. Ba2 c6 35. Nc4 Bc7 36. Nce5 b6 37. g4 fxg3 38. fxg3 h5 39. Kf2 c5 40. Kf3 cxd4 41. cxd4 g4+ 42. hxg4 fxg4+ 43. Ke3 Nf5+ 44. Kf2 Nxd4 45. Nd7+ Kg5 46. Nf8 h4 47. gxh4+ Kxh4 48. Ne6 Nxe6 49. Bxe6 Bd8 50. Kg2 Bf6 51. b3 Bd4 52. a4 Kg5 53. Nb4 a5 54. Nc6 Bc5 55. Bd7 Kf4 56. Nd8 Be3 57. Nf7 g3 58. Nd6 Bf2 59. Nf5 Be1 60. Nd4 Ke4 61. Ne2 Kd3 62. Nxg3 Kc3 63. Be6 Kb4 64. Ne4 b5 65. axb5 Kxb5 66. Bd7+ Kb4 67. Ba4 Bh4 68. Kf3 Be7 69. Kg4 Bf8 70. Kf5 Be7 71. Ke6 Bh4 72. Kd5 Be1 73. Kc6 Bh4 74. Kb6 Be7 75. Ka6 Bd8 76. Ng3 Bc7 77. Nf5 Bd8 78. Nd4 Bc7 79. Nc6+ Kc5 80. Nxa5 Kd6 81. b4 Kd5 82. b5 Bd8 83. Nc6 Bc7 84. Kb7 Bh2 85. Ka6 Bg1 86. b6 Bxb6 87. Kxb6 Kd6 88. Bb3 Kd7 89. Kc5 Ke8 90. Kd6 Kf8 91. Ne5 Kg7 92. Ke6 Kh6 93. Kf5 Kh5 94. Ng6 Kh6 95. Kf6 Kh7 96. Bc4 Kh6 97. Bg8 Kh5 98. Ne5 Kh4 99. Kf5 Kg3 100. Ng4 Kf3 101. Bc4 Kg3 102. Be2 Kh4 103. Ne5 Kg3 104. Nd3 Kh4 105. Kf4 Kh3 106. Bf3 Kh4 1/2-1/2


[Site "https://www.chess.com"]

[Event "Titled Tuesday Blitz March 08 Early 2022"]
[White "Voit, Daria"]
[Black "Seo, Jung Min"]
[WhiteFideId "4182146"]
[BlackFideId "1734687"]
[WhiteElo "2323"]
[BlackElo "2401"]
[Result "0-1"]
[Round "08"]
[TimeControl "180+1"]
[Date "2022.03.09"]
[WhiteClock "0:00:23"]
[BlackClock "0:01:34"]

1. d4 Nf6 2. Bg5 Ne4 3. Bf4 c5 4. f3 Nf6 5. d5 e6 6. c4 d6 7. Nc3 exd5 8. cxd5 g6 9. e4 a6 10. a4 Bg7 11. Bd3 O-O 12. Nge2 Re8 13. O-O Nh5 14. Be3 Nd7 15. f4 Nhf6 16. h3 Rb8 17. Qc2 b5 18. axb5 axb5 19. Bxb5 Nxe4 20. Nxe4 Rxb5 21. Nxd6 Rxb2 22. Qd3 Rxe2 23. Qxe2 Rxe3 24. Qxe3 Bd4 25. Qxd4 cxd4 26. Rfc1 Nb6 27. Nxc8 Nxd5 28. Ra8 Kg7 29. Ra6 Nc3 30. Nd6 Ne2+ 0-1


[Site "https://www.chess.com"]

[Event "Titled Tuesday Blitz March 08 Early 2022"]
[White "Volkov, Maksim"]
[Black "Kozak, Antoni"]
[WhiteFideId "54123070"]
[BlackFideId "21832030"]
[WhiteElo "2081"]
[BlackElo "2236"]
[Result "1-0"]
[Round "08"]
[TimeControl "180+1"]
[Date "2022.03.08"]
[WhiteClock "0:00:32"]
[BlackClock "0:00:21"]

1. d4 d5 2. c4 e6 3. Nf3 Nf6 4. g3 dxc4 5. Bg2 Bb4+ 6. Bd2 a5 7. Qc2 Bxd2+ 8. Qxd2 c6 9. a4 Ne4 10. Qc2 Nd6 11. Na3 Na6 12. Nxc4 Nb4 13. Qc1 Nxc4 14. Qxc4 O-O 15. O-O b6 16. Qb3 Ba6 17. Rfe1 Rc8 18. Rac1 Qe7 19. Ne5 Qd6 20. e3 c5 21. Nc4 Bxc4 22. Rxc4 cxd4 23. Rxd4 Qc5 24. Red1 g6 25. Bf1 Qc2 26. Qxc2 Rxc2 27. R1d2 Rfc8 28. b3 Rc1 29. Kg2 Nc6 30. Rd6 Kf8 31. Bb5 Ke7 32. Rd7+ Kf6 33. Rb7 g5 34. Rxb6 Ne5 35. h3 Rb1 36. Ba6 Rcc1 37. f4 gxf4 38. exf4 Nc6 39. f5 Nb4 40. fxe6 fxe6 41. Bc4 Re1 42. Rdd6 Rb2+ 43. Kf3 Rc2 44. Rxe6+ Rxe6 45. Rxe6+ Kf5 46. Re7 Rc3+ 47. Kf2 Rc2+ 48. Re2 Rc3 49. Re3 Rc1 50. Kf3 h5 51. g4+ hxg4+ 52. hxg4+ Kg5 53. Re5+ Kf6 54. Rxa5 Nc2 55. Ra6+ Ke5 56. Ra5+ Kf6 57. Kf4 Nd4 58. Ra6+ Kg7 59. g5 Rc3 60. Ra7+ Kg6 61. Ra6+ Kg7 62. Ke5 Nf3+ 63. Kf5 Nd4+ 64. Kg4 Nxb3 65. Ra7+ Kf8 66. Bxb3 Rxb3 67. Kh5 Rb6 68. a5 Rc6 69. g6 Rc1 70. a6 Kg8 71. Rb7 Rc5+ 72. Kg4 Ra5 73. a7 Ra6 74. Rb8+ Kg7 75. a8=Q Rxg6+ 76. Kf5 Rf6+ 77. Ke5 Rf7 78. Rg8+ Kh6 79. Rh8+ Kg7 80. Qg8# 1-0


[Site "https://www.chess.com"]

[Event "Titled Tuesday Blitz March 08 Early 2022"]
[White "Vusatiuk, Vladimir"]
[Black "Alavi, Sayed Javad"]
[WhiteFideId "14118610"]
[BlackFideId "12500607"]
[WhiteElo "2157"]
[BlackElo "2475"]
[Result "1-0"]
[Round "08"]
[TimeControl "180+1"]
[Date "2022.03.09"]
[WhiteClock "0:00:11"]
[BlackClock "0:00:20"]

1. d4 Nf6 2. c4 e6 3. Nc3 Bb4 4. e3 O-O 5. Bd2 d5 6. Nf3 b6 7. cxd5 exd5 8. Bd3 Re8 9. Rc1 a6 10. Ne5 c5 11. O-O c4 12. Bb1 b5 13. f4 Bb7 14. g4 Nfd7 15. Qf3 Nc6 16. Bxh7+ Kxh7 17. Nxf7 Qe7 18. Ng5+ Kg8 19. Qxd5+ Kh8 20. Rf3 1-0


[Site "https://www.chess.com"]

[Event "Titled Tuesday Blitz March 08 Early 2022"]
[White "Weetik, Vjacheslav"]
[Black "Hess, Max"]
[WhiteFideId "4153472"]
[BlackFideId "24656666"]
[WhiteElo "2469"]
[BlackElo "2276"]
[Result "0-1"]
[Round "08"]
[TimeControl "180+1"]
[Date "2022.03.08"]
[WhiteClock "0:00:16"]
[BlackClock "0:01:03"]

1. d4 d5 2. Bf4 c5 3. e3 cxd4 4. exd4 Nc6 5. c3 Bf5 6. Nf3 e6 7. Qb3 Qd7 8. Nbd2 f6 9. Be2 g5 10. Be3 Bd6 11. O-O Nge7 12. c4 O-O 13. a3 Bg6 14. Rac1 Rad8 15. Rfe1 Bb8 16. g3 Nf5 17. cxd5 exd5 18. Bf1 g4 19. Nh4 Nxh4 20. gxh4 Qd6 21. f4 gxf3 22. Nxf3 Be4 23. Bg2 Kh8 24. Bf2 Rg8 25. Bg3 Rxg3 26. hxg3 Qxg3 27. Kf1 Rg8 28. Re2 Nxd4 29. Nxd4 Bxg2+ 0-1


[Site "https://www.chess.com"]

[Event "Titled Tuesday Blitz March 08 Early 2022"]
[White "Winkels, Marcel"]
[Black "Sarkar, Justin"]
[WhiteFideId "1003887"]
[BlackFideId "2010011"]
[WhiteElo "1900"]
[BlackElo "2038"]
[Result "0-1"]
[Round "08"]
[TimeControl "180+1"]
[Date "2022.03.09"]
[WhiteClock "0:00:02"]
[BlackClock "0:00:05"]

1. e4 e5 2. Nf3 Nc6 3. Bc4 Bc5 4. b4 Bxb4 5. c3 Ba5 6. d4 exd4 7. O-O Nge7 8. cxd4 d5 9. exd5 Nxd5 10. Qb3 Nce7 11. Ne5 c6 12. Bd2 Bxd2 13. Nxd2 O-O 14. Ndf3 Qb6 15. Qd3 Bf5 16. Qd2 f6 17. Nd3 Bxd3 18. Bxd3 Kh8 19. Rab1 Qc7 20. Bc2 Rad8 21. Rfe1 g6 22. Re3 Nc8 23. Re6 Nd6 24. Qh6 Qg7 25. Qxg7+ Kxg7 26. Rbe1 Rfe8 27. h4 Rxe6 28. Rxe6 Kf7 29. Re1 Re8 30. Rb1 Nc3 31. Rb2 b5 32. Bb3+ Kg7 33. Kf1 b4 34. g3 a5 35. Bc2 Nc4 36. Rb3 Rb8 37. Bd3 a4 38. Bxc4 axb3 39. Bxb3 Ra8 40. d5 cxd5 41. Nd4 Nxa2 42. Nc6 Nc3 43. Nxb4 Rb8 44. Nxd5 Rxb3 45. Ne3 Rb1+ 46. Kg2 Ne4 47. Kf3 f5 48. g4 Rb2 49. gxf5 Rxf2+ 50. Kxe4 gxf5+ 51. Nxf5+ Kg6 52. Ng3 Ra2 53. h5+ Kg5 0-1


[Site "https://www.chess.com"]